 Dungeon Crawl Stone Soup version 0.30.0-20-g3615ddf2f0 (webtiles) character file.

Game seed: 13695861461461547989

44 qw the Chopper (level 3, -2/23 HPs)
             Began as a Gargoyle Fighter on May 30, 2023.
             Slain by Sigmund
             ... wielding a +1 antimagic scythe
              (3 damage)
             ... on level 2 of the Dungeon.
             The game lasted 00:00:43 (1008 turns).

qw the Chopper (Gargoyle Fighter)                   Turns: 1008, Time: 00:00:43

Health: -2/23      AC: 10    Str: 21    XL:     3   Next: 62%
Magic:  0/3        EV:  9    Int:  8    God:
Gold:   100        SH:  4    Dex:  9    Spells: 2/2 levels left

rFire   . . .        Y - +3 war axe
rCold   . . .        c - +0 buckler
rNeg    + . .        b - +0 scale mail
rPois   inf          (no helmet)
rElec   +            (no cloak)
rCorr   .            (no gloves)
SInv    .            (no boots)
Will    .....        a - amulet of guardian spirit Stlth
                     (no ring)
HPRegen 0.23/turn    (no ring)
MPRegen 0.08/turn

%: guardian spirit
@: no status effects
A: sickness immunity, AC +3, negative energy resistance 1, electricity
resistance, torment resistance 1, petrification resistance
a: no special abilities


You were on level 2 of the Dungeon.
You visited 1 branch of the dungeon, and saw 2 of its levels.

You collected 100 gold pieces.


Innate Abilities, Weirdness & Mutations

You are immune to sickness and miasma.
Your stone body is resilient. (AC +3)
You are immune to poison.
You resist negative energy. (rN+)
You are resistant to electric shocks. (rElec)
You are resistant to unholy torment.
You are immune to petrification.


   Skills:
 - Level 3.2 Fighting
 + Level 3.5 Axes
 - Level 3.2 Armour
 - Level 3.2 Shields


You had 2 spell levels left.
You didn't know any spells.
Your spell library was empty.

Inventory:

Hand Weapons
 h - a +0 club
 Y - a +3 war axe (weapon)
Armour
 b - a +0 scale mail (worn)
 c - a +0 buckler (worn)
Jewellery
 a - an amulet of guardian spirit (around neck)
Scrolls
 g - a scroll of identify {unknown}
 i - a scroll of magic mapping {unknown}
Potions
 d - a potion of might
 e - a potion of mutation {unknown}
 f - a potion of attraction {unknown}
 k - a potion of brilliance {unknown}

Dungeon Overview and Level Annotations

Branches:
Dungeon (2/15)

Altars:

Annotations:
D:2 Sigmund


Message History

Something hits you.
You feel your power leaking away.
984 ||| FLEEEEING.
Something hits you but does no damage.
You miss something.
You hear some strange, mumbled words.
You are confused.
Something hits you. Something hits you but does no damage.
You hear some strange, mumbled words.
A magic dart appears from out of thin air!
The magic dart hits you. Something hits you.
You feel less confused. Something hits you.
993 ||| FLEEEEING.
994 ||| FLEEEEING.
995 ||| FLEEEEING.
996 ||| FLEEEEING.
997 ||| FLEEEEING.
998 ||| FLEEEEING.
Sigmund appears from thin air!
Reactivating autopickup.
Sigmund barely misses you.
You closely miss Sigmund.
Sigmund is severely wounded.
Sigmund gestures at you while chanting.
You are confused.
Sigmund casts a spell.
Sigmund flickers and vanishes!
Deactivating autopickup; reactivate with Ctrl-A.
Something hits you.
You hear some strange, mumbled words.
Something tries to affect you, but you resist.
Something hits you. Something hits you.
You feel less confused.
1008 ||| FLEEEEING.
Something hits you.
You die...

##############
#............#
#.##########.###########
#.# #.@.{g......#######
#.########
###########.......#
#........# #######.#
####).#####.# #.....#
#.# #.###.# #.# #.###.#
#.# ......# #># ..#####
#.# #


You could see a goblin.

Vanquished Creatures
  2 dart slugs
  3 endoplasms
  6 giant cockroaches
  A goblin (D:1)
  A hobgoblin (D:2)
  9 jackals
  3 kobolds
  5 ball pythons
  A bat (D:1)
  A frilled lizard (D:1)
  3 rats
35 creatures vanquished.

Notes
Turn   | Place    | Note
-------+----------+-------------------------------------------
     0 | D:1      | qw the Gargoyle Fighter began the quest for the Orb.
     0 | D:1      | Reached XP level 1. HP: 14/14 MP: 1/1
     0 | D:1      | 0 ||| qw: Version: 0.2-a-102-g2b76a06
     0 | D:1      | 0 ||| qw: Game counter: 483
     0 | D:1      | 0 ||| qw: Always use a shield: true
     0 | D:1      | 0 ||| qw: God list: Okawaru
     0 | D:1      | 0 ||| qw: Allow faded altars: false
     0 | D:1      | 0 ||| qw: Do Orc after D:15 true
     0 | D:1      | 0 ||| qw: Do second Lair branch before Depths: true
     0 | D:1      | 0 ||| qw: Lair rune preference: random
     0 | D:1      | 0 ||| qw: Plans: Normal, Zot:1-4, Slime:5, God:TSO, Crypt,
                  | Tomb, Pan, Hells, Abyss, Win
     0 | D:1      | 0 ||| PLANNING D:1-11
    78 | D:1      | 78 ||| Stepping ~*~*~tactically~*~*~ (stealth).
    92 | D:1      | Found a faded altar of an unknown god.
   181 | D:1      | 181 ||| Stepping ~*~*~tactically~*~*~ (hiding).
   183 | D:1      | 183 ||| Stepping ~*~*~tactically~*~*~ (hiding).
   185 | D:1      | 185 ||| Stepping ~*~*~tactically~*~*~ (hiding).
   191 | D:1      | Reached XP level 2. HP: 19/19 MP: 2/2
   347 | D:1      | 347 ||| FLEEEEING.
   399 | D:1      | 399 ||| Stepping ~*~*~tactically~*~*~ (stealth).
   408 | D:1      | Reached skill level 3 in Axes
   497 | D:1      | 497 ||| Stepping ~*~*~tactically~*~*~ (stealth).
   502 | D:1      | Reached XP level 3. HP: 23/23 MP: 3/3
   658 | D:1      | 658 ||| READING scroll labelled OSEARR BAITAW.
   659 | D:1      | 659 ||| READING scroll labelled YNURENT REIMESM.
   659 | D:1      | Identified a scroll of acquirement
   659 | D:1      | 659 ||| ACQUIRING amulet of guardian spirit
   659 | D:1      | Acquired an amulet of guardian spirit
   661 | D:1      | 661 ||| UPGRADING to amulet of guardian spirit.
   666 | D:1      | 666 ||| READING scroll labelled XEIGIPL XUSIA.
   667 | D:1      | 667 ||| READING 3 scrolls labelled KOXYSU ZUHU.
   668 | D:1      | 668 ||| READING 2 scrolls of enchant weapon.
   668 | D:1      | 668 ||| ENCHANTING +1 war axe.
   669 | D:1      | 669 ||| READING scroll of enchant weapon.
   669 | D:1      | 669 ||| ENCHANTING +2 war axe.
   670 | D:1      | 670 ||| READING scroll labelled DUOSSANWEB.
   745 | D:2      | 745 ||| Stepping ~*~*~tactically~*~*~ (hiding).
   838 | D:2      | 838 ||| Stepping ~*~*~tactically~*~*~ (stealth).
   955 | D:2      | Noticed Sigmund
   970 | D:2      | 970 ||| FLEEEEING.
   971 | D:2      | 971 ||| FLEEEEING.
   972 | D:2      | 972 ||| FLEEEEING.
   973 | D:2      | 973 ||| FLEEEEING.
   974 | D:2      | 974 ||| FLEEEEING.
   984 | D:2      | 984 ||| FLEEEEING.
   993 | D:2      | 993 ||| FLEEEEING.
   994 | D:2      | 994 ||| FLEEEEING.
   995 | D:2      | 995 ||| FLEEEEING.
   996 | D:2      | 996 ||| FLEEEEING.
   997 | D:2      | 997 ||| FLEEEEING.
   998 | D:2      | 998 ||| FLEEEEING.
  1006 | D:2      | HP: 1/23 [something (5)]
  1008 | D:2      | 1008 ||| FLEEEEING.
  1008 | D:2      | Slain by Sigmund

Levels and vault maps discovered:
D:1:      dpeg_arrival_shelter, layout_basic,
          hellmonk_ecumenical_altar_heavens_door, st_stairs_3
D:2:      layout_loops_ring, uniq_sigmund, uniq_crazy_yiuf_cottage

Skill      XL: |  1  2 |
---------------+-------+-----
Axes           | 2 3 |  3.5
Fighting       | |  3.2
Armour         | |  3.2
Shields        | |  3.2

Action                     || total
---------------------------++-------
  Melee: War axe           ||    98
    Use: Scroll            ||     7
 Armour: Scale mail        ||    75
  Dodge: Dodged            ||    56
  Block: Buckler           ||    21

Table legend:
 A = Non-vault XP
 B = Vault XP
 C = Vault XP percentage of total XP
 D = Non-vault monster count
 E = Vault monster count
 F = Vault count percentage of total count
                 A         B        C        D         E       F
            +---------+---------+-------+---------+---------+-------
      Total |      61 |       3 |   4.7 |      33 |       2 |   5.7
            +---------+---------+-------+---------+---------+-------
        D:1 |      37 |       3 |   7.5 |      20 |       2 |   9.1
        D:2 |      24 |       0 |   0.0 |      13 |       0 |   0.0
            +---------+---------+-------+---------+---------+-------
